 Dungeon Crawl Stone Soup version 0.27-a0-1140-g099f9bb0e8 (webtiles) character file.

Game seed: 12402080913073096265

2774 leviel the Cleaver (level 9, -1/79 HPs)
             Began as a Minotaur Fighter on May 9, 2021.
             Was a Priest of Nemelex Xobeh.
             Splashed by an acid dragon's acid (13 damage)
             ... on level 7 of the Dungeon.
             The game lasted 00:10:10 (5935 turns).

leviel the Cleaver (Minotaur Fighter)               Turns: 5935, Time: 00:10:12

Health: -1/79      AC: 14    Str: 24    XL:     9   Next: 42%
Magic:  11/11      EV:  5    Int:  5    God:    Nemelex Xobeh [***...]
Gold:   826        SH: 11    Dex: 10    Spells: 8/8 levels left

rFire    . . .     SeeInvis .   a - +1 war axe
rCold    . . .     Faith    .   c - +0 kite shield
rNeg     . . .     Spirit   .   q - +1 plate armour
rPois    .         Reflect  .   (helmet restricted)
rElec    .         Harm     .   (no cloak)
rCorr    .         Rampage  .   (no gloves)
Will     .....                  (no boots)
Stlth    ..........             (no amulet)
HPRegen  0.23/turn              (no ring)
MPRegen  0.12/turn              (no ring)

@: no status effects
A: horns 2, retaliatory headbutt
a: Renounce Religion, Draw Escape, Draw Destruction, Draw Summoning, Triple Draw


You were on level 7 of the Dungeon.
You worshipped Nemelex Xobeh.
Nemelex Xobeh was most pleased with you.
You visited 2 branches of the dungeon, and saw 8 of its levels.
You also visited: Sewer.

You collected 947 gold pieces.
You spent 121 gold pieces at shops.

Inventory:

Hand Weapons
 a - a +1 war axe (weapon)
 b - the +2 hunting sling of Modesty {freeze, rPois}
   (You found it on level 5 of the Dungeon)

   It causes projectiles fired from it to freeze those they strike, causing
   extra injury to most foes and up to half again as much damage against
   particularly susceptible opponents.
   They can also slow down cold-blooded creatures.
   It protects you from poison.
Missiles
 d - 2 throwing nets
 r - 41 stones
Armour
 c - a +0 kite shield (worn)
 q - a +1 plate armour (worn)
Jewellery
 w - a ring of see invisible
Wands
 z - a wand of flame (12)
Scrolls
 e - a scroll of teleportation
 f - 2 scrolls of amnesia
 h - a scroll of holy word
 j - a scroll of magic mapping {unknown}
 m - 2 scrolls of noise
 o - 2 scrolls of vulnerability
 p - a scroll of enchant armour
 x - a scroll of identify
 y - a scroll of enchant weapon
Potions
 g - a potion of cancellation
 i - 7 potions of heal wounds
 k - a potion of invisibility {unknown}
 l - 4 potions of curing
 n - a potion of resistance {unknown}
 s - a potion of brilliance
 t - a potion of ambrosia {unknown}
 u - a potion of attraction {unknown}
 v - 3 potions of flight
 A - a potion of might


   Skills:
 + Level 7.5 Fighting
 * Level 9.5 Axes
 + Level 7.3 Armour
 + Level 7.3 Shields
 + Level 4.6 Invocations


You had 8 spell levels left.
You didn't know any spells.
Your spell library contained the following spells:

 Spells                   Type           Power      Damage    Failure   Level
 Animate Skeleton         Necr           0%         N/A       100%        1
 Apportation              Tloc           0%         N/A       100%        1
 Corona                   Hex            0%         N/A       100%        1
 Magic Dart               Conj           0%         1d3       100%        1
 Pain                     Necr           0%         1d4       100%        1
 Summon Small Mammal      Summ           0%         N/A       100%        1
 Ensorcelled Hibernation  Hex/Ice        0%         N/A       100%        2
 Searing Ray              Conj           0%         3d3       100%        2
 Confusing Touch          Hex            0%         N/A       100%        3
 Dazzling Flash           Conj/Hex       0%         N/A       100%        3
 Gell's Gravitas          Tloc           0%         N/A       100%        3
 Tukima's Dance           Hex            0%         N/A       100%        3
 Vampiric Draining        Necr           0%         2d6       100%        3
 Animate Dead             Necr           0%         N/A       100%        4
 Fulminant Prism          Conj/Hex       0%         3d6       100%        4
 Iskenderun's Mystic Bla  Conj/Tloc      0%         2d3       100%        4
 Petrify                  Tmut/Erth      0%         N/A       100%        4
 Agony                    Necr           0%         N/A       100%        5
 Metabolic Englaciation   Hex/Ice        0%         N/A       100%        5
 Yara's Violent Unravell  Hex/Tmut       0%         3d3       100%        5


Dungeon Overview and Level Annotations

Branches:
Dungeon (7/15)             Temple (1/1) D:4           Sewer (visited)

Altars:
Cheibriados
Dithmenos
Elyvilon
Fedhas
Hepliaklqana
Kikubaaqudgha
Makhleb
Nemelex Xobeh
Okawaru
Qazlal
Ru
Sif Muna
Trog
Uskayaw
Vehumet
Wu Jian
Yredelemnul
Zin
The Shining One

Shops:
D:3 !


Innate Abilities, Weirdness & Mutations

You have a pair of horns on your head.
You reflexively headbutt those who attack you in melee.


Message History

The gargoyle is blown away by the wind.
You hear violent peals of thunder!
You hear a shout! x3
The gargoyle barely misses you.
You slash the gargoyle!
The gargoyle is heavily damaged.
The gargoyle is no longer dazed.
The gargoyle hits you but does no damage.
You slash the gargoyle!
The gargoyle is almost destroyed.
You block the gargoyle's attack.
You hit the gargoyle but do no damage.
The gargoyle is almost destroyed.
The gargoyle hurls a stone arrow at you.
The stone arrow hits you. The gargoyle barely misses you.
You barely miss the gargoyle.
The gargoyle is almost destroyed.
The gargoyle hits you with a +0 mace!
Your plate armour prevents you from hitting the gargoyle.
The gargoyle is almost destroyed.
The gargoyle hits you with a +0 mace!
* * * LOW HITPOINT WARNING * * *
You hit the gargoyle but do no damage. You headbutt the gargoyle.
You destroy the gargoyle!
You start resting.
A sky beast comes into view.
A sky beast is nearby!
A sky beast is nearby!
You draw a card...
You have drawn Degeneration.
The sky beast evaporates and reforms as an acid dragon!
The acid dragon twists and deforms.
You draw a card...
You have drawn the Orb.
Press: ? - help, Shift-Dir - straight line, f - acid dragon
Aim: an acid dragon (misshapen and mutated)
Your orb of destruction hits a rock wall. x2
The acid dragon spits acid at you.
The splash of acid hits you but does no damage.
You are splashed with acid!
You die...
Your body glows with a rainbow of weird colours and disappears.

(. #. #.###
.$.......#..? ......#..
..# $....#.###.# ###..
#...#.....#......
######.....#)○*..#
...###....#@###[#
#.#......#.○*.D#
#...........#.....
#######....>......#
###.
............<.....#
######..............
#..............#
.....................#
########............)..


You could see an acid dragon (catching breath, misshapen, ally target).

Vanquished Creatures
  A gargoyle (D:7)
  A troll (D:7)
  Grinder (D:5)
  A wraith (D:7)
  A fire bat (D:5)
  A water moccasin (Sewer)
  2 black bears
  An ice beast (D:6)
  2 sky beasts
  A necrophage (D:7)
  An ogre (D:6)
  2 phantoms
  Blork the orc (D:5)
  A kobold brigand (D:6)
  2 bullfrogs
  A water moccasin zombie (D:5)
  A bullfrog zombie (D:5)
  A jelly (D:5)
  6 hounds
  A bullfrog skeleton (D:5)
  A gnoll shaman (D:5)
  A centaur skeleton (D:5)
  2 iguanas (D:6)
  An orc wizard (D:4)
  A killer bee zombie (D:7)
  A hound skeleton (D:4)
  5 adders
  6 gnolls
  A worm (D:5)
  3 dart slugs
  6 orcs
  4 bats
  8 endoplasms
  A giant cockroach (D:2)
  5 goblins
  7 hobgoblins
  8 jackals
  11 kobolds
  4 quokkas
  2 ball pythons
  5 rats
112 creatures vanquished.

Vanquished Creatures (others)
  A kobold (D:4)
  4 plants
5 creatures vanquished.

Grand Total: 117 creatures vanquished

Notes
Turn   | Place    | Note
-------+----------+-------------------------------------------
     0 | D:1      | leviel the Minotaur Fighter began the quest for the Orb.
     0 | D:1      | Reached XP level 1. HP: 19/19 MP: 0/0
   264 | D:1      | Reached XP level 2. HP: 27/27 MP: 1/1
   271 | D:1      | Reached skill level 3 in Axes
   593 | D:1      | Found a faded altar of an unknown god.
   602 | D:1      | Reached XP level 3. HP: 30/33 MP: 2/2
   611 | D:1      | Became a worshipper of Nemelex Xobeh the Trickster
   611 | D:1      | Reached * piety under Nemelex Xobeh
   897 | D:2      | Reached XP level 4. HP: 33/40 MP: 3/3
   989 | D:2      | Received a gift from Nemelex Xobeh
  1030 | D:2      | Reached skill level 4 in Axes
  1550 | D:3      | Reached ** piety under Nemelex Xobeh
  1780 | D:3      | Found Cyaluim's Distillery.
  1789 | D:3      | Bought 2 potions of curing for 66 gold pieces
  1789 | D:3      | Bought a potion of heal wounds for 55 gold pieces
  1829 | D:3      | Received a gift from Nemelex Xobeh
  2179 | D:3      | Reached XP level 5. HP: 47/47 MP: 4/4
  2500 | D:4      | Found a staircase to the Ecumenical Temple.
  2589 | D:4      | Reached *** piety under Nemelex Xobeh
  2939 | D:4      | Identified the +1 shortbow "Hohaidim" {speed, Will- rCorr
                  | Str+5}
  3048 | D:4      | Noticed a phantom
  3057 | D:4      | Killed a phantom
  3058 | D:4      | Reached skill level 5 in Axes
  3058 | D:4      | Reached skill level 1 in Invocations
  3058 | D:4      | Reached XP level 6. HP: 48/55 MP: 5/5
  3355 | D:5      | Entered Level 5 of the Dungeon
  3383 | Temple   | Entered the Ecumenical Temple
  3656 | D:5      | Noticed a fire bat
  3656 | D:5      | an ogre changed into a fire bat
  3663 | D:5      | Reached skill level 5 in Shields
  3663 | D:5      | Killed a fire bat
  3664 | D:5      | Reached skill level 5 in Fighting
  3664 | D:5      | Reached skill level 5 in Armour
  3766 | D:5      | Noticed a sky beast
  3771 | D:5      | Killed a sky beast
  3772 | D:5      | Reached skill level 6 in Axes
  3772 | D:5      | Reached XP level 7. HP: 52/61 MP: 7/7
  4102 | D:5      | Found a radiant altar of Vehumet.
  4108 | D:5      | Found a hide-covered altar of Uskayaw.
  4113 | D:5      | Found a stormy altar of Qazlal.
  4145 | D:5      | Received a gift from Nemelex Xobeh
  4238 | D:5      | Noticed Grinder
  4242 | D:5      | Paralysed by Grinder for 4 turns
  4246 | D:5      | Killed Grinder
  4247 | D:5      | Reached skill level 7 in Axes
  4247 | D:5      | Reached XP level 8. HP: 70/70 MP: 9/9
  4252 | D:5      | Noticed Blork the orc
  4254 | D:5      | Killed Blork the orc
  4407 | D:5      | Identified the +2 hunting sling of Modesty {freeze, rPois}
  4674 | D:6      | Reached skill level 8 in Axes
  4763 | D:6      | Found a glowing drain.
  4775 | Sewer    | Entered a sewer
  5216 | Sewer    | Identified a scroll of acquirement
  5216 | Sewer    | Acquired 543 gold pieces
  5556 | D:6      | Reached XP level 9. HP: 78/78 MP: 11/11
  5886 | D:7      | Noticed a troll
  5903 | D:7      | Killed a troll
  5904 | D:7      | Reached skill level 9 in Axes
  5919 | D:7      | Noticed a gargoyle
  5931 | D:7      | Killed a gargoyle
  5935 | D:7      | Splashed by an acid dragon's acid

Illustrated notes

Levels and vault maps discovered:
D:1:      lemuel_arrival_hallway, layout_rooms, basic_ecumenical_altar,
          serial_bayou_crossing
D:2:      layout_rooms, small_statue_intersection, minmay_vboxes
D:3:      layout_basic, serial_shops, shop
D:4:      layout_loops_ring, temple_statues, kennysheep_small_spiral,
          serial_bayou_pond_e, lemuel_flame_loot_1
D:5:      layout_rooms, minmay_overflow_temple_star_quad, uniq_blork_the_orc,
          uniq_grinder
D:6:      layout_loops_ring, cheibrodos_sewer_entry_sluice
D:7:      hangedman_cross_stitches, layout_rooms
Temple:   regret_index_temple_sphere_string

Skill      XL: |  1  2  3  4  5  6  7  8  9 |
---------------+----------------------------+-----
Axes           | 3 4 5 6 7 8 9 |  9.5
Fighting       | 4 5 6 7 |  7.5
Shields        | 4 5 6 7 |  7.3
Armour         | 4 5 6 7 |  7.3
Invocations    | 1 2 4 |  4.6

Action                   |  1- 3 |  4- 6 |  7- 9 || total
-------------------------+-------+-------+-------++-------
Melee: War axe           |    58 |    92 |   132 ||   282
       Headbutt          |    11 |    13 |    26 ||    50
 Fire: Hunting sling     |       |       |     9 ||     9
Invok: Draw Destruction  |       |     7 |    13 ||    20
       Draw Summoning    |       |       |     1 ||     1
  Use: Potion            |       |     1 |     2 ||     3
       Scroll            |       |       |    13 ||    13
Armor: Scale mail        |    27 |    23 |       ||    50
       Plate armour      |       |    41 |    96 ||   137
Dodge: Dodged            |    12 |    26 |    37 ||    75
Block: Kite shield       |    34 |    60 |   103 ||   197

Table legend: (Time is in decaauts)
 A = Elapsed time spent in this place.
 B = Non-inter-level travel time spent in this place.
 C = Inter-level travel time spent in this place.
 D = Time resting spent in this place.
 E = Time spent auto-exploring this place.
 F = Levels seen in this place.
 G = Mean time per level.
                   A        B        C        D        E       F      G
               +--------+--------+--------+--------+--------+-----+--------+
         Total |   6077 |   5766 |    311 |    459 |   4521 |   9 |  675.2 |
       Dungeon |   5415 |   5116 |    299 |    272 |   4111 |   7 |  773.6 |
        Temple |    198 |    187 |     11 |      0 |    187 |   1 |  198.0 |
         Sewer |    463 |    463 |      0 |    187 |    222 |   1 |  463.0 |
               +--------+--------+--------+--------+--------+-----+--------+

Top non-repeatable levels by time:
     D:4: 1018 daAuts
     D:6: 985 daAuts
     D:3: 968 daAuts
     D:5: 892 daAuts
     D:1: 803 daAuts
     D:2: 674 daAuts
   Sewer: 463 daAuts
  Temple: 198 daAuts
     D:7: 72 daAuts
